 Dungeon Crawl Stone Soup version 0.20.0-15-g7f486f2 (webtiles) character file.

106 Dfrag the Firebug (level 4, -2/30 HPs)
             Began as a Demonspawn Fire Elementalist on June 23, 2017.
             Slain by a worm (9 damage)
             ... on level 3 of the Dungeon.
             The game lasted 00:03:33 (2039 turns).

Dfrag the Firebug (Demonspawn Fire Elementalist)    Turns: 2039, Time: 00:03:33

Health: -2/30      AC:  4    Str:  8    XL:     4   Next: 55%
Magic:  0/8        EV: 12    Int: 17    God:
Gold:   87         SH:  0    Dex: 14    Spells: 8/9 levels left

rFire    . . .     SeeInvis .   (no weapon)
rCold    . . .     Gourm    .   (no shield)
rNeg     . . .     Faith    .   a - +0 robe
rPois    .         Spirit   .   (helmet restricted)
rElec    .         Reflect  .   (no cloak)
rCorr    .         Harm     .   (no gloves)
MR       .....                  (no boots)
Stlth    +.........             (no amulet)
Regen    0.1/turn               j - ring of loudness (curse)
MPRegen  0.2/turn               m - ring of wizardry (curse)

@: no status effects
A: antennae 1, icy blue scales 1, powered by pain 1
a: no special abilities


You were on level 3 of the Dungeon.
You were not hungry.

You visited 1 branch of the dungeon, and saw 3 of its levels.

You collected 87 gold pieces.

Inventory:

Armour
 a - a +0 robe (worn)
Jewellery
 j - a cursed ring of loudness (left hand)
 m - a cursed ring of wizardry (right hand)
Scrolls
 f - 4 scrolls of teleportation {unknown}
 h - a scroll of immolation {unknown}
 l - a scroll of blinking {unknown}
 o - a scroll of identify {unknown}
Potions
 d - 2 potions of curing
 e - a potion of heal wounds {unknown}
 g - a potion of might {unknown}
 k - a potion of haste {unknown}
Books
 b - a book of Flames

   Spells                             Type                      Level
   a - Flame Tongue                   Conjuration/Fire             1
   b - Throw Flame                    Conjuration/Fire             2
   c - Conjure Flame                  Conjuration/Fire             3
   d - Inner Flame                    Hexes/Fire                   3
   e - Sticky Flame                   Conjuration/Fire             4
   f - Fireball                       Conjuration/Fire             5
Comestibles
 c - 2 bread rations
 i - a royal jelly


   Skills:
 - Level 1.7 Dodging
 - Level 1.7 Stealth
 + Level 3.0 Spellcasting
 + Level 2.5 Conjurations
 + Level 3.6 Fire Magic


You had 8 spell levels left.
You knew the following spells:

 Your Spells              Type           Power        Failure   Level  Hunger
a - Flame Tongue          Conj/Fire      ##...        1%          1    None


Dungeon Overview and Level Annotations

Branches:
Dungeon (3/15)

Altars:
Sif Muna


Innate Abilities, Weirdness & Mutations

You have a pair of small antennae on your head.
You are partially covered in icy blue scales. (AC +2)
You sometimes gain a little power by taking damage.


Message History

* * * LOW HITPOINT WARNING * * *
A worm and a kobold come into view.
You miss the adder.
The adder is almost dead.
The kobold shouts!
The adder bites you.
* * * LOW HITPOINT WARNING * * *
The goblin barely misses you.
Unknown command.
You barely miss the adder.
The adder is almost dead.
The adder closely misses you. The worm closely misses you.
The goblin closely misses you.
A bat comes into view.
Unknown command.
You hit the adder.
You kill the adder!
The kobold completely misses you. The quokka misses you.
The goblin barely misses you. The worm bites you!
You die...

#...###.######......# ..
................#####
..##.........####..#
..b......##.# ##.#####
........##.### #......
####g.....##..<# ##.....
..w...r#....##.####.....
##....rw##.....<....##..
......g@†......#..#####.
......K.######......# #.
..##.#### ##...)..# #. #
#..#....# #.
....#...#####.
####.......##.
#..........##.
...........##.
[.###.........


You could see 2 worms, 2 quokkas, 2 goblins, a bat and a kobold.

Vanquished Creatures
  5 adders
  An ooze (D:1)
  3 dart slugs
  A leopard gecko (D:1)
  A ball python (D:2)
  2 giant cockroaches (D:2)
  8 goblins
  7 hobgoblins
  3 jackals (D:1)
  3 kobolds
  8 bats
  6 frilled lizards
  5 rats
53 creatures vanquished.

Notes
Turn   | Place    | Note
-------+----------+-------------------------------------------
     0 | D:1      | Dfrag the Demonspawn Fire Elementalist began the quest for the Orb.
     0 | D:1      | Reached XP level 1. HP: 13/13 MP: 3/3
    56 | D:1      | Gained mutation: You have a pair of small antennae on your head. [demonic ancestry]
    56 | D:1      | Reached XP level 2. HP: 19/19 MP: 0/5
   687 | D:1      | Gained mutation: You are partially covered in icy blue scales. (AC +2) [demonic ancestry]
   687 | D:1      | Reached XP level 3. HP: 24/24 MP: 2/6
  1444 | D:2      | Gained mutation: You sometimes gain a little power by taking damage. [demonic ancestry]
  1444 | D:2      | Reached XP level 4. HP: 24/30 MP: 4/8
  1675 | D:2      | Found a deep blue altar of Sif Muna.
  2025 | D:3      | HP: 1/30 [adder (5)]
  2039 | D:3      | Slain by a worm

Skill      XL: |  1  2  3  4 |
---------------+-------------+-----
Fire Magic     | 3 |  3.6
Conjurations   | 2 |  2.5
Spellcasting   | 3 |  3.0
Dodging        | |  1.7
Stealth        | |  1.7

Action                   |  1- 3 |  4- 6 || total
-------------------------+-------+-------++-------
Melee: Unarmed           |    47 |    16 ||    63
 Cast: Flame Tongue      |    58 |    38 ||    96
  Use: Potion            |     1 |     1 ||     2
  Eat: Chunk             |     2 |     2 ||     4
Armor: Robe              |    34 |    10 ||    44
Dodge: Dodged            |    85 |    34 ||   119
